 Dungeon Crawl Stone Soup version 0.20.1-1-g8b1a95d (webtiles) character file.

201660 Anon1729 the Earth Mage (level 18, -8/124 HPs)
             Began as an Octopode Earth Elementalist on Nov 25, 2017.
             Was an Elder of Sif Muna.
             Mangled by a salamander
             ... wielding a +0 halberd
              (14 damage)
             ... on level 1 of the Snake Pit on Nov 26, 2017.
             The game lasted 04:10:30 (50200 turns).

Anon1729 the Earth Mage (OpEE)                     Turns: 50200, Time: 04:11:00

Health: -8/124     AC: 37    Str:  8    XL:     18   Next: 55%
Magic:  10/36      EV: 14    Int: 28    God:    Sif Muna [****..]
Gold:   2539       SH:  5    Dex: 12    Spells: 1/46 levels left

rFire    . . .     SeeInvis .   J - +9 short sword "Zocvul" {freeze, *Slow rElec MR++ Str+2}
rCold    + + .     Gourm    .   K - +0 buckler
rNeg     + . .     Faith    .   (helmet restricted)
rPois    ∞         Spirit   .   A - amulet of regeneration
rElec    +         Reflect  .   i - +4 ring of protection
rCorr    .         Harm     .   r - +5 ring of protection
MR       ++++.     Clarity  +   j - ring of wizardry
Stlth    ++++++....             X - ring of protection from cold
Regen    0.0/turn               B - +3 ring of intelligence
MPRegen  0.3/turn               R - ring of stealth
                                (no ring)
                                (no ring)

@: lethally poisoned (-8 -> -8), statue-form, no casting, very slow
A: almost no armour, stealthy swim, amphibious, 8 rings, constrict 8, tentacle
spike 1, camouflage 1, clarity, cold resistance 1, magic resistance 1, sense
surroundings 1, inhibited regeneration, weak 1, MP-powered wands
}: 1/15 runes: decaying
a: End Transformation, Stop Divine Energy, Channel Magic, Forget Spell, Renounce
Religion


You were on level 1 of the Snake Pit.
You worshipped Sif Muna.
Sif Muna was greatly pleased with you.
You were not hungry.
You were a stone statue.
You visited 6 branches of the dungeon, and saw 29 of its levels.
You also visited: Labyrinth.

You collected 2858 gold pieces.
You spent 319 gold pieces at shops.

Inventory:

Hand Weapons
 f - a +4 dagger
 l - the +3 whip of the Magi {holy, MP+9}
   (You found it on level 6 of the Dungeon)

   It has been blessed by the Shining One to cause great damage to the undead
   and demons.
   It affects your magic capacity (+9).
 J - the +9 short sword "Zocvul" (weapon) {freeze, *Slow rElec MR++ Str+2}
   (You found it in a labyrinth)

   It has been specially enchanted to freeze those struck by it, causing extra
   injury to most foes and up to half again as much damage against particularly
   susceptible opponents.
   It can also slow down cold-blooded creatures.
   It affects your strength (+2).
   It insulates you from electricity.
   It affects your resistance to hostile enchantments.
   It may slow you when you take damage.
Missiles
 b - 853 stones (quivered)
Armour
 K - a +0 buckler (worn)
Magical Staves
 n - an uncursed staff of energy
Jewellery
 i - a +4 ring of protection (left tentacle)
 j - a ring of wizardry (on tentacle)
 r - a +5 ring of protection (right tentacle)
 A - an amulet of regeneration (around mantle)
 B - a +3 ring of intelligence (on tentacle)
 R - a ring of stealth (on tentacle)
 X - a ring of protection from cold (on tentacle)
Wands
 H - a wand of acid (7/15)
Scrolls
 a - 13 scrolls of remove curse
 d - a scroll of recharging
 e - 8 scrolls of teleportation
 m - a scroll of fear
 x - a scroll of identify
 E - 3 scrolls of magic mapping
 N - a scroll of summoning
 U - 4 scrolls of fog
Potions
 k - 2 potions of invisibility
 o - 2 potions of haste
 p - 2 potions of brilliance
 s - 2 potions of resistance
 t - 2 potions of magic
 G - a potion of curing
 I - 3 potions of agility
 L - 2 potions of lignification
 Q - a potion of ambrosia
Miscellaneous
 w - a phantom mirror
 z - 2 sacks of spiders
Comestibles
 c - 14 bread rations
 g - 10 meat rations
 D - 8 royal jellies


   Skills:
 - Level 5.0 Short Blades
 - Level 4.1 Dodging
 - Level 10.1 Stealth
 - Level 5.2 Shields
 * Level 14.7 Spellcasting
 * Level 15.9 Conjurations
 - Level 8.0 Transmutations
 * Level 16.1 Earth Magic
 - Level 7.4 Invocations


You had one spell level left.
You knew the following spells:

 Your Spells              Type           Power        Failure   Level  Hunger
a - Sandblast             Erth           ######       0%          1    None
b - Stone Arrow           Conj/Erth      ######       0%          3    None
c - Lee's Rapid Deconstr  Erth           #######...   1%          5    None
d - Petrify               Tmut/Erth      ######..     1%          4    None
e - Conjure Flame         Conj/Fire      ######..     1%          3    None
f - Mephitic Cloud        Conj/Pois/Air  ######..     1%          3    None
g - Passwall              Tmut/Erth      ######....   1%          2    None
h - Iron Shot             Conj/Erth      #######...   1%          6    ####...
i - Statue Form           Tmut/Erth      ######...    1%          6    ####...
j - Bolt of Magma         Conj/Fire/Erth ######....   1%          5    None
k - Irradiate             Conj/Tmut      ######....   1%          5    None
s - Blink                 Tloc           N/A          1%          2    None


Dungeon Overview and Level Annotations

Branches:
Dungeon (15/15)            Temple (1/1) D:4            Lair (6/6) D:11
  Swamp (4/4) Lair:3        Snake (1/4) Lair:3        Slime (0/5) Lair:6
    Orc (2/2) D:10            Elf (0/3) Orc:2        Vaults (0/5) D:13
 Depths (0/5) D:15

Altars:
Ashenzari
Cheibriados
Dithmenos
Elyvilon
Fedhas
Gozag
Hepliaklqana
Kikubaaqudgha
Makhleb
Nemelex Xobeh
Okawaru
Qazlal
Ru
Sif Muna
Trog
Uskayaw
Vehumet
Xom
Yredelemnul
Zin
The Shining One
Jiyva
Lugonu

Shops:
D:4 :   D:5 :   D:10 ([   D:15 [   Orc:2 *!?

Annotations:
D:4 exclusion: downstairs
D:6 Prince Ribbit
D:9 exclusion: downstairs
D:13 1 runed door
D:14 1 transporter
Lair:3 exclusion: 2 upstairs
Lair:4 exclusion: downstairs, ninurtach's ghost, journeyman MiFi
Lair:5 exclusion: downstairs


Innate Abilities, Weirdness & Mutations

You cannot wear most types of armour.
You are very stealthy in the water. (Stealth+)
You are amphibious.
You can wear up to eight rings at the same time.
You can use your tentacles to constrict eight enemies at once.
Your skin changes colour to match your surroundings (Stealth+).
((Your rubbery body absorbs attacks. (AC +1, EV +1)))
One of your tentacles bears a spike.
You possess an exceptional clarity of mind.
Your flesh is cold resistant. (rC+)
You are resistant to hostile enchantments. (MR+)
You passively map a small area around you.
You do not regenerate when monsters are visible.
You are weak. (Str -2)
You expend magic power (3 MP) to strengthen your wands.


Message History

The mana viper is moderately wounded.
You constrict the mana viper.
Your larval weirdbat beast hits the mana viper.
The mana viper bites you!
* * * LOW HITPOINT WARNING * * *
You feel your power leaking away.
The salamander hits you from afar with a halberd.
* * * LOW HITPOINT WARNING * * *
You are engulfed in flames!
* * * LOW HITPOINT WARNING * * *
You block the mana viper's attack.
A naga comes into view. It is wielding a short sword.
Unknown command.
You feel much better.
You feel less invigorated.
You constrict the mana viper.
Your larval weirdbat beast hits the mana viper but does no damage.
The mana viper barely misses you.
The salamander hits you from afar with a halberd!
* * * LOW HITPOINT WARNING * * *
You are engulfed in flames!
You die...

*, #...# * ####..####
,........ , ...... , ,
......N ,* , .
*####..##* ** ,.. #..#
*...
****#####N.#######....
#8SN.....).......#
##.H......)....... ,
#.............#.. * ,
############### , * *
* * * *** ,, , , * , ,
** , , , , ,


You could see a salamander, a mana viper, a naga and a friendly larval weirdbat
beast.

Vanquished Creatures
  the Lernaean hydra (Swamp:4)
  2 thorn hunters
  Roxanne (D:15)
  Kirke (Swamp:3)
  A nagaraja (Snake:1)
  A frost giant (D:15)
  2 very ugly things
  2 dire elephants (Lair:6)
  A minotaur (Lab)
  2 ghost crabs (Swamp:4)
  A vault guard (D:13)
  A naga warrior (Snake:1)
  24 hydras
  5 centaur warriors
  An anaconda (Lair:6)
  8 two-headed ogres
  2 catoblepae
  13 alligators
  12 death yaks (Lair:6)
  4 tengu warriors
  4 orc high priests
  13 swamp dragons
  2 unseen horrors
  Pikel (D:8)
  A naga ritualist (Snake:1)
  9 orc knights
  An orb spider (shapeshifter) (D:15)
  A deep elf mage (D:14)
  3 oklob plants
  3 ugly things
  2 mana vipers (Snake:1)
  A salamander (Snake:1)
  8 orc sorcerers
  3 manticores
  5 elephants
  5 cyclopes
  7 black mambas
  A guardian serpent (Snake:1)
  A torpor snail (Lair:6)
  3 gargoyles
  A kobold demonologist (D:14)
  21 spiny frogs
  2 rime drakes
  A yaktaur (D:15)
  An efreet (D:14)
  5 komodo dragons
  A minotaur zombie (Lab)
  3 meliai (D:15)
  9 trolls
  A harpy skeleton (D:15)
  3 tyrant leeches
  6 hornets
  13 blink frogs
  19 hippogriffs
  18 bog bodies
  25 slime creatures
  A dream sheep (shapeshifter) (D:14)
  Sigmund (D:6)
  4 spriggans (Swamp:2)
  A hog (Swamp:3)
  31 yaks
  3 shadows
  2 wyverns
  A fire elemental (D:13)
  2 wraiths (D:15)
  A vampire (D:12)
  6 basilisks
  3 hungry ghosts
  24 vampire mosquitoes
  4 nagas (Snake:1)
  16 swamp worms
  6 wargs
  Edmund (D:5)
  21 insubstantial wisps
  2 acid dragons
  15 water moccasins
  A soldier ant (D:11)
  11 porcupines
  2 ice beasts
  24 orc warriors
  19 swamp drakes
  4 black bears
  3 slaves (D:8)
  3 sky beasts
  3 eyes of draining
  A phantom (D:7)
  10 wolves
  3 boggarts (D:15)
  21 ogres
  A necrophage (D:10)
  19 centaurs
  10 crocodiles
  3 big kobolds
  17 bullfrogs
  An earth elemental (D:13)
  3 scorpions
  9 killer bees (D:10)
  3 howler monkeys
  18 wights
  2 electric eels
  10 crimson imps
  3 centaur zombies
  A lava snake (D:12)
  A bullfrog skeleton (D:12)
  5 bullfrog zombies
  8 jellies
  15 orc priests
  10 hounds
  4 centaur skeletons
  30 orc wizards
  Natasha (twice) (D:2)
  5 iguanas
  10 worker ants
  A hound skeleton (D:4)
  2 worker ant zombies
  7 adders
  5 gnolls
  7 shadow imps
  2 adder skeletons
  An adder zombie (D:8)
  A worm (D:2)
  2 dart slugs
  2 leopard geckos
  93 orcs
  4 ball pythons
  9 giant cockroaches
  9 goblins
  9 hobgoblins
  6 jackals
  3 quokkas
  11 bats
  3 frilled lizards
  27 kobolds
  A quokka skeleton (D:4)
  A quokka zombie (D:6)
  6 rats
  A butterfly (D:4)
941 creatures vanquished.

Vanquished Creatures (collateral kills)
  A komodo dragon (Swamp:1)
1 creature vanquished.

Vanquished Creatures (others)
  An air elemental (D:13)
  A water elemental (D:13)
  4 humans
  A slave (D:8)
  A bullfrog zombie (D:8)
  An orc priest (Orc:2)
  An adder (D:8)
  5 bushes
  42 fungi
  33 plants
90 creatures vanquished.

Grand Total: 1032 creatures vanquished

Notes
Turn   | Place    | Note
-------+----------+-------------------------------------------
     0 | D:1      | Anon1729 the Octopode Earth Elementalist began the quest for the Orb.
     0 | D:1      | Reached XP level 1. HP: 11/11 MP: 3/3
   351 | D:1      | Reached XP level 2. HP: 5/17 MP: 5/5
  1308 | D:1      | Reached XP level 3. HP: 15/21 MP: 6/6
  1322 | D:1      | Learned a level 3 spell: Stone Arrow
  1966 | D:2      | Noticed Natasha
  1980 | D:2      | Killed Natasha
  1980 | D:2      | Reached skill level 1 in Conjurations
  1980 | D:2      | Reached XP level 4. HP: 4/27 MP: 3/7
  2557 | D:2      | Noticed Natasha
  2561 | D:2      | Killed Natasha
  2716 | D:1      | Reached XP level 5. HP: 24/31 MP: 3/9
  2829 | D:2      | Reached skill level 4 in Earth Magic
  3629 | D:4      | Found a staircase to the Ecumenical Temple.
  3634 | Temple   | Entered the Ecumenical Temple
  3686 | Temple   | Became a worshipper of Sif Muna the Loreminder
  3722 | D:4      | Reached XP level 6. HP: 36/36 MP: 8/10
  3847 | D:4      | Found a sacrificial altar of Ru.
  3851 | D:4      | Found a transporter.
  3860 | D:4      | Found a transporter.
  3888 | D:4      | Learned a level 5 spell: Lee's Rapid Deconstruction
  3978 | D:4      | Found Fadaqus's Book Shoppe.
  4024 | D:4      | Reached skill level 1 in Short Blades
  4566 | D:4      | Found an iron altar of Okawaru.
  4566 | D:4      | Found a bloodstained altar of Trog.
  5116 | D:5      | Entered Level 5 of the Dungeon
  5421 | D:5      | Reached XP level 7. HP: 41/41 MP: 5/12
  5981 | D:5      | Found Paneeh's Book Shop.
  6060 | D:5      | Reached skill level 5 in Earth Magic
  6101 | D:5      | Noticed Edmund
  6154 | D:4      | Learned a level 4 spell: Petrify
  6297 | D:6      | Reached * piety under Sif Muna
  6437 | D:6      | Noticed Sigmund
  6534 | D:6      | Killed Sigmund
  6534 | D:6      | Reached XP level 8. HP: 22/46 MP: 0/14
  6818 | D:6      | Got a translucent whip
  6819 | D:6      | Identified the +3 whip of the Magi {holy, MP+9} (You found it on level 6 of the Dungeon)
  6953 | D:6      | Found a stormy altar of Qazlal.
  7328 | D:6      | Noticed Prince Ribbit
  7342 | D:6      | Reached skill level 5 in Stealth
  7601 | D:7      | Reached skill level 5 in Spellcasting
  7601 | D:7      | Reached skill level 6 in Earth Magic
  7645 | D:7      | Reached ** piety under Sif Muna
  7846 | D:7      | Reached skill level 5 in Conjurations
  7967 | D:7      | Reached XP level 9. HP: 6/51 MP: 7/16
  8715 | D:7      | Gained mutation: Scrolls take you a little longer to read. [mutagenic meat]
  8716 | D:7      | Gained mutation: Your body sometimes deteriorates upon taking damage. [mutagenic meat]
  8762 | D:7      | Reached *** piety under Sif Muna
  9075 | D:8      | Noticed Pikel
  9082 | D:8      | Killed Pikel
  9082 | D:8      | Reached skill level 7 in Earth Magic
  9292 | D:8      | Found a radiant altar of Vehumet.
  9687 | D:8      | Reached XP level 10. HP: 56/56 MP: 8/19
  9688 | D:8      | Found a blossoming altar of Fedhas.
 10287 | D:9      | Reached **** piety under Sif Muna
 10396 | D:9      | Found an ancient bone altar of Kikubaaqudgha.
 10596 | D:9      | Noticed a two-headed ogre
 10747 | D:9      | Reached skill level 8 in Earth Magic
 10862 | D:9      | Killed a two-headed ogre
 11120 | D:9      | Found a shadowy altar of Dithmenos.
 11120 | D:9      | Found a hazy altar of Hepliaklqana.
 11126 | D:9      | Found a glowing silver altar of Zin.
 11126 | D:9      | Found an ancient bone altar of Kikubaaqudgha.
 11126 | D:9      | Found a snail-covered altar of Cheibriados.
 11128 | D:9      | Found a glowing golden altar of the Shining One.
 11131 | D:9      | Found a hide-covered altar of Uskayaw.
 11312 | D:10     | Entered Level 10 of the Dungeon
 11695 | D:10     | Noticed a gargoyle
 11695 | D:10     | Killed a gargoyle
 11865 | D:10     | Reached XP level 11. HP: 60/60 MP: 0/22
 12020 | D:10     | Noticed a two-headed ogre
 12172 | D:10     | Noticed a purple ugly thing
 12185 | D:10     | Killed a purple ugly thing
 12472 | D:10     | Reached ***** piety under Sif Muna
 12472 | D:10     | Reached skill level 5 in Short Blades
 12472 | D:10     | Reached skill level 9 in Earth Magic
 12609 | D:10     | Found Houskiuz's Weapon Boutique.
 12611 | D:10     | Found a staircase to the Orcish Mines.
 12613 | D:10     | Found Heppop's Armour Boutique.
 12656 | D:10     | Noticed a two-headed ogre
 12687 | D:10     | Killed a two-headed ogre
 12705 | D:10     | Killed a two-headed ogre
 13166 | D:10     | Received a gift from Sif Muna
 13172 | D:10     | Learned a level 3 spell: Conjure Flame
 13176 | D:10     | Learned a level 3 spell: Mephitic Cloud
 14241 | D:11     | Found a staircase to the Lair.
 14814 | D:11     | Reached skill level 1 in Invocations
 14902 | D:11     | Noticed a brown ugly thing
 14913 | D:11     | Killed a brown ugly thing
 14913 | D:11     | Reached skill level 10 in Earth Magic
 14930 | D:11     | Noticed a two-headed ogre
 14947 | D:11     | Killed a two-headed ogre
 15481 | D:12     | Reached XP level 12. HP: 65/65 MP: 25/25
 16827 | D:6      | Learned a level 2 spell: Passwall
 16990 | D:5      | Killed Edmund
 16990 | D:5      | Reached skill level 5 in Invocations
 17188 | D:5      | Found a basalt altar of Yredelemnul.
 18316 | Lair:1   | Entered Level 1 of the Lair of Beasts
 18374 | Lair:1   | Found a labyrinth entrance.
 18491 | Lair:1   | Reached skill level 10 in Conjurations
 18563 | Lab      | Entered a labyrinth
 18783 | Lab      | Noticed a minotaur
 18829 | Lab      | Killed a minotaur
 18871 | Lab      | Got a shimmering short sword
 19099 | Lab      | Identified the +9 short sword "Zocvul" {freeze, *Slow rElec MR++ Str+2} (You found it in a labyrinth)
 19182 | Lair:1   | Identified Sif Muna's Papyrus of the Entourage and Malediction (Sif Muna gifted it to you on level 1 of the Lair of Beasts)
 19182 | Lair:1   | Received a gift from Sif Muna
 19808 | Lair:1   | Lost mutation: Your body sometimes deteriorates upon taking damage. [potion of mutation]
 19808 | Lair:1   | Lost mutation: Scrolls take you a little longer to read. [potion of mutation]
 19808 | Lair:1   | Gained mutation: You are frail. (-10% HP) [potion of mutation]
 19808 | Lair:1   | Gained mutation: You passively map a small area around you. [potion of mutation]
 19808 | Lair:1   | Lost mutation: You are frail. (-10% HP) [potion of mutation]
 21235 | Lair:3   | Reached skill level 11 in Earth Magic
 21258 | Lair:3   | Found a staircase to the Snake Pit.
 21310 | Lair:3   | Reached skill level 10 in Spellcasting
 21365 | Lair:3   | Reached XP level 13. HP: 68/71 MP: 13/27
 21694 | Lair:3   | Found a staircase to the Swamp.
 22713 | Lair:4   | Noticed ninurtach's ghost (journeyman MiFi)
 23033 | Lair:2   | Learned a level 2 spell: Slow
 23036 | Lair:2   | Learned a level 2 spell: Blink
 23495 | Lair:5   | Identified Sif Muna's Handbook of Ignition and Attacks (Sif Muna gifted it to you on level 5 of the Lair of Beasts)
 23495 | Lair:5   | Received a gift from Sif Muna
 23534 | Lair:6   | Entered Level 6 of the Lair of Beasts
 24755 | Lair:4   | Learned a level 5 spell: Bolt of Magma
 24827 | Lair:5   | Reached skill level 5 in Transmutations
 25375 | Lair:5   | Reached skill level 12 in Earth Magic
 26292 | Lair:6   | Reached XP level 14. HP: 73/76 MP: 12/29
 27175 | Lair:6   | Found a staircase to the Slime Pits.
 27992 | Lair:6   | Received a gift from Sif Muna
 28872 | Lair:6   | Noticed a dire elephant
 28872 | Lair:6   | Noticed a dire elephant
 29029 | Lair:6   | Got a steaming dagger
 29041 | Lair:6   | Identified the +3 dagger of Strategic Superiority {freeze, rPois Str+6 Int-5} (You found it on level 6 of the Lair of Beasts)
 29074 | Lair:6   | Noticed a dire elephant
 29292 | Lair:6   | Killed a dire elephant
 29464 | Lair:6   | Killed a dire elephant
 29732 | Lair:6   | Reached skill level 13 in Earth Magic
 30226 | Lair:6   | Noticed an acid blob
 30346 | Lair:6   | Noticed a dire elephant
 31492 | D:13     | Found a gate to the Vaults.
 32329 | D:13     | Found a large runed door.
 32330 | D:13     | Found a large runed door.
 32387 | D:13     | Gained mutation: You possess an exceptional clarity of mind. [mutagenic meat]
 32388 | D:13     | Gained mutation: You are frail. (-10% HP) [mutagenic meat]
 32389 | D:13     | Gained mutation: You expend magic power (3 MP) to strengthen your wands. [mutagenic meat]
 32476 | D:13     | Gained mutation: You passively map the area around you. [mutagenic meat]
 32478 | D:13     | Gained mutation: You do not regenerate when monsters are visible. [mutagenic meat]
 32480 | D:13     | Gained mutation: Your magical capacity is low. (-10% MP) [mutagenic meat]
 32481 | D:13     | Gained mutation: You are resistant to hostile enchantments. (MR+) [mutagenic meat]
 32482 | D:13     | Lost mutation: You are frail. (-10% HP) [potion of mutation]
 32482 | D:13     | Lost mutation: Your magical capacity is low. (-10% MP) [potion of mutation]
 32482 | D:13     | Lost mutation: You passively map the area around you. [potion of mutation]
 32482 | D:13     | Gained mutation: You are weak. (Str -2) [potion of mutation]
 32482 | D:13     | Gained mutation: One of your tentacles bears a spike. [potion of mutation]
 32631 | D:13     | Reached XP level 15. HP: 63/81 MP: 23/31
 33192 | D:15     | Entered Level 15 of the Dungeon
 33245 | D:15     | Noticed Roxanne
 33252 | D:15     | Killed Roxanne
 33273 | D:15     | Found a bloodstained altar of Trog.
 33607 | D:15     | Found Keefrefek's Antique Armour Shoppe.
 33620 | D:15     | Received a gift from Sif Muna
 33621 | D:15     | Identified Sif Muna's Compendium of Black Rituals and Aid (Sif Muna gifted it to you on level 15 of the Dungeon)
 34115 | D:15     | Noticed a frost giant
 34130 | D:15     | Killed a frost giant
 34130 | D:15     | Reached skill level 14 in Earth Magic
 34293 | D:15     | Found a stormy altar of Qazlal.
 34592 | D:15     | Identified Roxanne's Catalogue of Earth (You took it off Roxanne on level 15 of the Dungeon)
 34601 | D:15     | Learned a level 6 spell: Statue Form
 34789 | D:15     | Found a staircase to the Depths.
 35430 | D:14     | Found a transporter.
 35432 | D:14     | Found a viscous altar of Jiyva.
 35580 | D:14     | Found a transporter.
 36692 | Orc:1    | Entered Level 1 of the Orcish Mines
 37227 | Orc:1    | Identified Qerrug's Collected Works on Weightlessness and Conjuration (Sif Muna gifted it to you on level 1 of the Orcish Mines)
 37227 | Orc:1    | Received a gift from Sif Muna
 38351 | Orc:2    | Entered Level 2 of the Orcish Mines
 38351 | Orc:2    | Found a staircase to the Elven Halls.
 40019 | Orc:2    | Reached XP level 16. HP: 68/86 MP: 6/33
 40205 | Orc:2    | Found Vashoufi's Jewellery Shop.
 40205 | Orc:2    | Found Taaw's Assorted Antiques.
 40208 | Orc:2    | Found Nautoi's Distillery.
 40208 | Orc:2    | Found Hesor's Magic Scroll Shoppe.
 40221 | Orc:2    | Bought a sedimented blue potion for 25 gold pieces
 40229 | Orc:2    | Bought a scroll of identify for 56 gold pieces
 40229 | Orc:2    | Bought a scroll of teleportation for 84 gold pieces
 40234 | Orc:2    | Bought a scroll of identify for 28 gold pieces
 40234 | Orc:2    | Bought a scroll of identify for 28 gold pieces
 40234 | Orc:2    | Bought a scroll of teleportation for 42 gold pieces
 40234 | Orc:2    | Bought a scroll of identify for 28 gold pieces
 40234 | Orc:2    | Bought a scroll of identify for 28 gold pieces
 40282 | Orc:2    | Identified a scroll of acquirement
 41006 | Swamp:1  | Entered Level 1 of the Swamp
 41063 | Swamp:1  | Identified Xoash's Almanac of Combat Magic and Companions (Sif Muna gifted it to you on level 1 of the Swamp)
 41063 | Swamp:1  | Received a gift from Sif Muna
 41072 | Swamp:1  | Learned a level 5 spell: Irradiate
 41431 | Swamp:1  | Reached skill level 15 in Earth Magic
 43183 | Swamp:2  | Reached skill level 10 in Stealth
 43424 | Swamp:2  | Noticed a thorn hunter
 43594 | Swamp:2  | Killed a thorn hunter
 44058 | Swamp:2  | Reached skill level 5 in Shields
 44058 | Swamp:2  | Reached XP level 17. HP: 90/90 MP: 34/34
 44246 | Swamp:3  | Noticed Kirke
 44301 | Swamp:3  | Killed Kirke
 44564 | Swamp:3  | Gained mutation: Your flesh is cold resistant. (rC+) [mutagenic meat]
 44876 | Swamp:3  | Identified Sif Muna's Papyrus of Shape Shifting (Sif Muna gifted it to you on level 3 of the Swamp)
 44876 | Swamp:3  | Received a gift from Sif Muna
 44876 | Swamp:3  | Reached skill level 15 in Conjurations
 45468 | Swamp:4  | Entered Level 4 of the Swamp
 47194 | Swamp:4  | Reached XP level 18. HP: 91/96 MP: 24/36
 47905 | Swamp:4  | Identified Lehudib's Papyrus of Conjuration (Sif Muna gifted it to you on level 4 of the Swamp)
 47905 | Swamp:4  | Received a gift from Sif Muna
 48402 | Swamp:4  | Noticed the 27-headed Lernaean hydra
 48617 | Swamp:4  | Got a crystal longbow
 48687 | Swamp:4  | Killed the 27-headed Lernaean hydra
 48835 | Swamp:4  | Got a decaying rune of Zot
 48845 | Swamp:4  | Identified the +1 longbow of the Realm of Zot {venom, rF+ Str+3} (You found it on level 4 of the Swamp)
 48950 | Swamp:4  | Reached skill level 16 in Earth Magic
 49628 | Lair:3   | Learned a level 6 spell: Iron Shot
 49656 | Snake:1  | Entered Level 1 of the Snake Pit
 50199 | Snake:1  | HP: 3/124 [salamander/halberd (15)]
 50200 | Snake:1  | Mangled by a salamander

Skill      XL: |  1  2  3  4  5  6  7  8  9 10 11 12 13 14 15 16 17 18 |
---------------+-------------------------------------------------------+-----
Stealth        | 3 4 6 9 10 | 10.1
Conjurations   | 1 2 3 5 6 8 9 10 11 13 14 15 | 15.9
Dodging        | 3 4 |  4.1
Spellcasting   | 3 4 5 6 7 9 10 11 12 13 14 | 14.7
Earth Magic    | 4 5 6 7 8 10 11 12 13 14 15 16 | 16.1
Short Blades   | 2 4 5 |  5.0
Invocations    | 3 7 |  7.4
Transmutations | 5 6 7 8 |  8.0
Shields        | 5 |  5.2

Action                   |  1- 3 |  4- 6 |  7- 9 | 10-12 | 13-15 | 16-18 || total
-------------------------+-------+-------+-------+-------+-------+-------++-------
Melee: Unarmed           |   101 |       |       |       |       |       ||   101
       Constrict         |    35 |    34 |    20 |    45 |    49 |    37 ||   220
       Tentacles         |    23 |    15 |    19 |    50 |    75 |    33 ||   215
       Dagger            |    19 |   119 |    36 |   149 |   275 |   247 ||   845
       Whip              |       |       |    80 |   121 |     6 |       ||   207
       Short sword       |       |       |       |       |    22 |    35 ||    57
       Staff             |       |       |       |       |    84 |     9 ||    93
       Kick              |       |       |       |       |    43 |    52 ||    95
Throw: Stone             |       |       |       |       |     1 |       ||     1
 Cast: Sandblast         |     2 |    41 |    54 |    28 |   195 |   116 ||   436
       Stone Arrow       |       |     2 |    65 |    97 |   141 |    52 ||   357
       Lee's Rapid Decon |       |       |     6 |    29 |   134 |    50 ||   219
       Petrify           |       |       |     2 |   122 |   165 |   157 ||   446
       Conjure Flame     |       |       |       |     4 |     6 |       ||    10
       Passwall          |       |       |       |     1 |     8 |       ||     9
       Blink             |       |       |       |       |    11 |     3 ||    14
       Bolt of Magma     |       |       |       |       |    66 |    69 ||   135
       Statue Form       |       |       |       |       |     7 |    27 ||    34
       Irradiate         |       |       |       |       |       |    11 ||    11
       Iron Shot         |       |       |       |       |       |     6 ||     6
Invok: Divine Energy     |       |       |     1 |       |       |       ||     1
       Channel Magic     |       |       |       |     1 |     8 |     8 ||    17
       Forget Spell      |       |       |       |       |       |     1 ||     1
Evoke: Wand              |       |       |       |     2 |     2 |     1 ||     5
       Box of beasts     |       |       |       |       |       |     4 ||     4
       Sack of spiders   |       |       |       |       |       |     2 ||     2
  Use: Scroll            |       |       |    10 |     8 |    14 |    14 ||    46
       Potion            |       |       |     3 |     3 |     1 |    13 ||    20
 Stab: Sleeping          |    10 |    12 |     7 |     9 |    15 |    10 ||    63
       Petrified         |       |       |     5 |   114 |   157 |   157 ||   433
       Distracted        |       |       |     1 |     1 |       |       ||     2
       Petrifying        |       |       |       |     7 |     7 |     7 ||    21
  Eat: Chunk             |     3 |    11 |    19 |    44 |    72 |    25 ||   174
       Fruit             |       |       |     1 |     6 |     6 |     2 ||    15
       Royal jelly       |       |       |       |     1 |     3 |     1 ||     5
       Meat ration       |       |       |       |       |     1 |     2 ||     3
       Bread ration      |       |       |       |       |       |     2 ||     2
Armor: Skin              |    16 |    40 |    46 |    82 |   201 |   314 ||   699
Dodge: Dodged            |    74 |   113 |    90 |   183 |   315 |   363 ||  1138
Block: Buckler           |       |       |       |       |       |    83 ||    83
